 Dungeon Crawl Stone Soup version 0.28-a0-479-g5baa6b73be (webtiles) character file.

Game seed: 903900368800635286

3 Dabor the Sneak (level 1, 0/9 HPs)
             Began as a Spriggan Enchanter on Sept 19, 2021.
             Slain by a quokka (3 damage)
             ... on level 1 of the Dungeon.
             The game lasted 00:00:59 (429 turns).

Dabor the Sneak (Spriggan Enchanter)                 Turns: 429, Time: 00:00:59

Health: 0/9        AC:  2    Str:  4    XL:     1   Next: 41%
Magic:  5/5        EV: 17    Int: 16    God:
Gold:   32         SH:  0    Dex: 15    Spells: 5/5 levels left

rFire   . . .      SeeInvis +   a - +1 dagger
rCold   . . .      Faith    .   (shield restricted)
rNeg    . . .      Spirit   .   b - +0 robe
rPois   .          Reflect  .   (helmet restricted)
rElec   .          Harm     .   (no cloak)
rCorr   .          Rampage  .   (gloves unavailable)
Will    .....                   (boots unavailable)
Stlth   +++.......              (no amulet)
HPRegen 0.03/turn               (no ring)
MPRegen 0.09/turn               (no ring)

@: very quick
A: very small, no large weapons, unfitting armour, see invisible, speed 3
a: no special abilities


You were on level 1 of the Dungeon.
You visited 1 branch of the dungeon, and saw 1 of its levels.

You collected 32 gold pieces.

Inventory:

Hand Weapons
 a - a +1 dagger (weapon)
Armour
 b - a +0 robe (worn)
Scrolls
 d - a scroll of teleportation {unknown}
Potions
 c - a potion of invisibility
 e - a potion of heal wounds {unknown}


   Skills:
 + Level 0.1 Fighting
 * Level 1.2 Short Blades
 + Level 2.7 Dodging
 * Level 4.5 Stealth
 + Level 2.7 Spellcasting
 + Level 3.6 Hexes


You had 5 spell levels left.
You didn't know any spells.
Your spell library contained the following spells:

 Spells                   Type           Power      Damage    Failure   Level
 Confusing Touch          Hex            13%        N/A       13%         3
 Tukima's Dance           Hex            13%        N/A       13%         3
 Ensorcelled Hibernation  Hex/Ice        16%        N/A       14%         2
 Dazzling Flash           Conj/Hex       16%        N/A       26%         3


Dungeon Overview and Level Annotations

Branches:
Dungeon (1/15)

Altars:


Innate Abilities, Weirdness & Mutations

You are very small and have problems with some larger weapons.
You are too small for most types of armour.
You have supernaturally acute eyesight. (SInv)
You cover ground extremely quickly. (Speed+++)


Message History

The quokka misses you.
You hit the quokka.
The quokka is almost dead.
The quokka closely misses you.
You hit the quokka but do no damage.
The quokka is almost dead.
The quokka barely misses you.
You barely miss the quokka.
The quokka is almost dead.
The quokka barely misses you.
You hit the quokka but do no damage.
The quokka is almost dead.
The quokka closely misses you.
You miss the quokka.
The quokka is almost dead.
The quokka completely misses you.
You completely miss the quokka.
The quokka is almost dead.
The quokka bites you.
You are too injured to fight recklessly!
You are too injured to fight recklessly!
You see here a +0 short sword.
A ball python comes into view.
Found a stone staircase leading down.
Found 10 gold pieces and a whip.
You now have 32 gold pieces (gained 10).
There are no items here.
You completely miss the quokka. The quokka misses you.
You hit the quokka but do no damage. The quokka bites you.
You closely miss the quokka. The quokka closely misses you.
You closely miss the quokka. The quokka closely misses you.
You barely miss the quokka. The quokka completely misses you.
You barely miss the quokka. The quokka closely misses you.
You hit the quokka.
The quokka is heavily wounded.
The quokka bites you but does no damage.
You barely miss the quokka.
The quokka is heavily wounded.
The quokka misses you. The quokka bites you.
You die...

#.# #.# #.# #.# ### #.#
##### #.# ..# #.# #...# #.#
#.# #.# #.#.# #.# #.#
##.###.#.# #.#
###.####......#.####.###
.......................#
####.#####.#####@#####.#
###...###...###r..###..####
.#.....#.....#.....#......#
..#####.......#####....##.#
...###....<....###.....# #
....#...........#.)...##
.....#####.#####.....##
#.....###...###.....##
#......#.....#.....##


You could see a quokka.

Vanquished Creatures
  A ball python (D:1)
  A goblin (D:1)
  A frilled lizard (D:1)
3 creatures vanquished.

Notes
Turn   | Place    | Note
-------+----------+-------------------------------------------
     0 | D:1      | Dabor the Spriggan Enchanter began the quest for the Orb.
     0 | D:1      | Reached XP level 1. HP: 9/9 MP: 5/5
   429 | D:1      | Slain by a quokka

Illustrated notes

Levels and vault maps discovered:
D:1:      onia_arrival_pyramid, layout_loops_ring

Action                   || total
-------------------------++-------
Melee: Dagger            ||    26
 Stab: Sleeping          ||     1
Armor: Robe              ||     1
Dodge: Dodged            ||    17

Table legend: (Time is in decaauts)
 A = Elapsed time spent in this place.
 B = Non-inter-level travel time spent in this place.
 C = Inter-level travel time spent in this place.
 D = Time resting spent in this place.
 E = Time spent auto-exploring this place.
 F = Levels seen in this place.
 G = Mean time per level.
                   A        B        C        D        E       F      G
               +--------+--------+--------+--------+--------+-----+--------+
         Total |    332 |    332 |      0 |      0 |    214 |   1 |  332.0 |
       Dungeon |    332 |    332 |      0 |      0 |    214 |   1 |  332.0 |
               +--------+--------+--------+--------+--------+-----+--------+

Top non-repeatable levels by time:
     D:1: 332 daAuts
